 Dungeon Crawl Stone Soup version 0.26.0-10-g1f06aea511 (webtiles) character file.

Game seed: 13811423455721261875

834231 Arum the Conqueror (level 27, -3/199 HPs)
             Began as a Gargoyle Fighter on Jan 18, 2021.
             Was the Champion of the Shining One.
             Killed by divine providence
             ... invoked by a mummy priest
              (17 damage)
             ... on level 3 of the Tomb of the Ancients on Jan 19, 2021.
             The game lasted 03:33:50 (79913 turns).

Arum the Conqueror (Gargoyle Fighter)              Turns: 79913, Time: 03:33:51

Health: -3/199     AC: 59    Str: 29    XL:     27
Magic:  28/39      EV: 10    Int: 10    God:    the Shining One [******]
Gold:   5154       SH: 24    Dex:  6    Spells: 26/26 levels left

rFire    + + +     SeeInvis +   X - +9 sacred scourge (holy)
rCold    + + .     Faith    .   c - +0 tower shield
rNeg     + + +     Spirit   .   M - +7 crystal plate armour of the Fife {rC+}
rPois    ∞         Reflect  .   T - +2 hat {Will+}
rElec    +         Harm     .   w - scarf {rC+ rF+}
rCorr    .         Rampage  .   H - +0 pair of gloves of Tulips {rN+}
Will     +++++                  K - +2 pair of boots
Stlth    ..........             a - macabre finger necklace {rN+}
HPRegen  0.43/turn              Z - ring of Yredelemnul's Scorn {+Inv rN+ Will++}
MPRegen  0.26/turn              G - ring "Laakhliu" {+Fly rF+++ Str-3 Dex-3 SInv}
                                k - +4 ring of slaying

@: marked, corroded, flying, slowed, glowing, very slow
A: big wings, negative energy resistance 1, electricity resistance, unbreathing,
petrification resistance, miasma immunity, AC +20
}: 5/15 runes: serpentine, barnacled, slimy, silver, abyssal
a: Stop Flying, Renounce Religion, Evoke Invisibility, Divine Shield, Cleansing
Flame, Summon Divine Warrior


You were on level 3 of the Tomb of the Ancients.
You worshipped the Shining One.
The Shining One was exalted by your worship.
You visited 11 branches of the dungeon, and saw 51 of its levels.
You visited the Abyss 7 times.
You also visited: Bailey, Ice Cave, Volcano and Wizlab.

You collected 9818 gold pieces.
You spent 4488 gold pieces at shops.
You donated 176 gold pieces to Zin.

Inventory:

Hand Weapons
 e - a +9 eudemon blade of holy wrath
 X - a +9 sacred scourge of holy wrath (weapon)
Missiles
 U - 6 throwing nets
 W - 103 silver javelins (quivered)
Armour
 c - a +0 tower shield (worn)
 w - a scarf of resistance (worn)
 H - the +0 pair of gloves of Tulips (worn) {rN+}
   (Okawaru gifted it to you on level 3 of the Abyss)

   It protects you from negative energy.
 K - a +2 pair of boots (worn)
 M - the +7 crystal plate armour of the Fife (worn) {rC+}
   (Okawaru gifted it to you on level 4 of the Snake Pit)

   It protects you from cold.
 N - the +0 pair of boots of Solad {rElec rC++ Will+ Slay-5}
   (You bought it in a shop on level 3 of the Elven Halls)

   It affects your accuracy and damage with ranged weapons and melee attacks
   (-5).
   It greatly protects you from cold.
   It insulates you from electricity.
   It affects your willpower, your defense against some magical effects.
 T - a +2 hat of willpower (worn)
Jewellery
 a - the macabre finger necklace (around neck) {rN+}
   (You took it off a deep elf blademaster on level 3 of the Elven Halls)

   [amulet of nothing]

   It protects you from negative energy.
 k - a +4 ring of slaying (on amulet)
 s - a +4 ring of slaying
 v - an uncursed ring of resist corrosion
 F - the ring of Keukk {rN+ SInv}
   (You found it on level 3 of the Crypt)

   [ring of positive energy]

   It protects you from negative energy.
   It lets you see invisible.
 G - the ring "Laakhliu" (right hand) {+Fly rF+++ Str-3 Dex-3 SInv}
   (You found it on level 2 of the Abyss)

   [ring of flight]

   It affects your strength (-3).
   It affects your dexterity (-3).
   It renders you almost immune to fire.
   It lets you see invisible.
   It lets you fly.
 Q - an uncursed ring of protection from fire
 Z - the ring of Yredelemnul's Scorn (left hand) {+Inv rN+ Will++}
   (You found it on level 3 of the Crypt)

   [ring of positive energy]

   It protects you from negative energy.
   It affects your willpower, your defense against some magical effects.
   It lets you turn invisible.
Wands
 y - a wand of digging (22)
 B - a wand of acid (28)
 S - a wand of iceblast (34)
Scrolls
 f - 2 scrolls of silence
 g - 33 scrolls of teleportation
 h - 8 scrolls of enchant weapon
 i - 9 scrolls of identify
 j - 6 scrolls of immolation
 n - 7 scrolls of blinking
 o - 14 scrolls of enchant armour
 z - a scroll of holy word
 A - 23 scrolls of remove curse
 D - 4 scrolls of magic mapping
 E - 13 scrolls of fog
 L - 7 scrolls of fear
 P - 8 scrolls of summoning
Potions
 b - 3 potions of mutation
 d - 5 potions of might
 l - 7 potions of resistance
 m - 37 potions of curing
 p - 10 potions of lignification
 q - 2 potions of magic
 t - 10 potions of heal wounds
 u - 8 potions of cancellation
 x - 8 potions of invisibility
 O - 11 potions of haste
 R - 5 potions of berserk rage
Miscellaneous
 r - a box of beasts
 C - a phantom mirror
 I - a lightning rod (4/4)
 J - a condenser vane
 V - a phial of floods
 Y - a tin of tremorstones (2/2)


   Skills:
 O Level 27 Fighting
 - Level 16.2 Long Blades
 - Level 20.2 Maces & Flails
 - Level 7.0 Throwing
 + Level 21.7 Armour
 - Level 15.0 Dodging
 + Level 21.7 Shields
 + Level 24.5 Invocations
 - Level 15.0 Evocations


You had 26 spell levels left.
You didn't know any spells.
Your spell library contained the following spells:

 Spells                   Type           Power        Failure   Level
 Animate Skeleton         Necr           0%           99%         1
 Beastly Appendage        Tmut           0%           99%         1
 Corona                   Hex            0%           99%         1
 Foxfire                  Conj/Fire      0%           99%         1
 Freeze                   Ice            0%           99%         1
 Magic Dart               Conj           0%           99%         1
 Pain                     Necr           0%           99%         1
 Shock                    Conj/Air       0%           99%         1
 Sting                    Tmut/Pois      0%           99%         1
 Summon Small Mammal      Summ           0%           99%         1
 Blink                    Tloc           N/A          100%        2
 Call Imp                 Summ           0%           100%        2
 Corpse Rot               Necr/Air       N/A          100%        2
 Ensorcelled Hibernation  Hex/Ice        0%           100%        2
 Passwall                 Tmut/Erth      0%           100%        2
 Poisonous Vapours        Pois/Air       0%           100%        2
 Searing Ray              Conj           0%           100%        2
 Slow                     Hex            0%           100%        2
 Swiftness                Air            0%           100%        2
 Wereblood                Tmut           0%           100%        2
 Call Canine Familiar     Summ           0%           100%        3
 Confusing Touch          Hex            0%           100%        3
 Conjure Flame            Conj/Fire      0%           100%        3
 Dazzling Flash           Conj/Hex       0%           100%        3
 Frozen Ramparts          Ice            0%           100%        3
 Gell's Gravitas          Tloc           0%           100%        3
 Ignite Poison            Fire/Tmut/Pois 0%           100%        3
 Inner Flame              Hex/Fire       0%           100%        3
 Lesser Beckoning         Tloc           0%           100%        3
 Mephitic Cloud           Conj/Pois/Air  0%           100%        3
 Ozocubu's Armour         Ice            0%           100%        3
 Portal Projectile        Hex/Tloc       0%           100%        3
 Spider Form              Tmut/Pois      0%           100%        3
 Static Discharge         Conj/Air       0%           100%        3
 Summon Guardian Golem    Hex/Summ       0%           100%        3
 Teleport Other           Tloc           0%           100%        3
 Tukima's Dance           Hex            0%           100%        3
 Animate Dead             Necr           0%           100%        4
 Cause Fear               Hex            0%           100%        4
 Fulminant Prism          Conj/Hex       0%           100%        4
 Hailstorm                Conj/Ice       0%           100%        4
 Ice Form                 Ice/Tmut       0%           100%        4
 Iskenderun's Mystic Bla  Conj/Tloc      0%           100%        4
 Leda's Liquefaction      Hex/Erth       0%           100%        4
 Olgreb's Toxic Radiance  Pois           0%           100%        4
 Passage of Golubria      Tloc           N/A          100%        4
 Petrify                  Tmut/Erth      0%           100%        4
 Sticky Flame             Conj/Fire      0%           100%        4
 Summon Ice Beast         Ice/Summ       0%           100%        4
 Summon Lightning Spire   Summ/Air       0%           100%        4
 Alistair's Intoxication  Tmut/Pois      0%           100%        5
 Blade Hands              Tmut           0%           100%        5
 Bolt of Magma            Conj/Fire/Erth 0%           100%        5
 Borgnjor's Vile Clutch   Necr/Erth      0%           100%        5
 Fireball                 Conj/Fire      0%           100%        5
 Irradiate                Conj/Tmut      0%           100%        5
 Lee's Rapid Deconstruct  Erth           0%           100%        5
 Lightning Bolt           Conj/Air       0%           100%        5
 Metabolic Englaciation   Hex/Ice        0%           100%        5
 Yara's Violent Unravell  Hex/Tmut       0%           100%        5
 Conjure Ball Lightning   Conj/Air       0%           100%        6
 Death Channel            Necr           0%           100%        6
 Dispersal                Tloc           0%           100%        6
 Eringya's Noxious Bog    Tmut/Pois      0%           100%        6
 Freezing Cloud           Conj/Ice/Air   0%           100%        6
 Invisibility             Hex            0%           100%        6
 Iron Shot                Conj/Erth      0%           100%        6
 Ozocubu's Refrigeration  Ice            0%           100%        6
 Simulacrum               Ice/Necr       0%           100%        6
 Spellforged Servitor     Conj/Summ      0%           100%        7
 Disjunction              Tloc           0%           100%        8
 Ignition                 Fire           0%           100%        8
 Shatter                  Erth           0%           100%        9
 Tornado                  Air            0%           100%        9
 Statue Form              Tmut/Erth      Unusable     N/A         6

Dungeon Overview and Level Annotations

Branches:
Dungeon (15/15)            Temple (1/1) D:4            Lair (6/6) D:8
 Shoals (4/4) Lair:4        Snake (4/4) Lair:2        Slime (5/5) Lair:6
    Orc (2/2) D:9             Elf (3/3) Orc:2        Vaults (5/5) D:13
  Crypt (3/3) Vaults:3       Tomb (3/3) Crypt:3      Depths (0/5) D:15
 Bailey (visited)           IceCv (visited)         Volcano (visited)
 WizLab (visited)

Altars:
Ashenzari
Cheibriados
Dithmenos
Elyvilon
Fedhas
Gozag
Hepliaklqana
Kikubaaqudgha
Makhleb
Nemelex Xobeh
Okawaru
Qazlal
Ru
Sif Muna
Trog
Uskayaw
Vehumet
Wu Jian
Xom
Yredelemnul
Zin
The Shining One
Beogh
Lugonu

Shops:
D:4 (   D:6 :   Orc:2 [}!?   Elf:3 *[!   Shoals:1 (   Shoals:3 ([*
Shoals:4 [?}!*   Snake:1 !=:[   Vaults:2 (   Vaults:3 =

Portals:
Abyss: Slime:3
Trove: Elf:2 (give +3 gold dragon scales)

Annotations:
D:5 2 runed translucent doors, Crl's ghost, amateur DESu
Shoals:3 3 runed translucent doors, Karim's ghost, adept GnGl
Elf:2 2 runed translucent doors
Vaults:2 2 runed translucent doors, Lukheov's ghost, veteran DrWn; royokou's ghost, veteran MiFi


Innate Abilities, Weirdness & Mutations

You are resistant to torment.
Your stone body is resilient. (AC +20)
You are immune to poison.
Your large and strong wings let you fly indefinitely.
You resist negative energy. (rN+)
You are resistant to electric shocks. (rElec)
You can survive without breathing.
You are immune to petrification.
You are immune to miasma.


Message History

The mummy priest mumbles some strange prayers to its god against you.
Something smites you!
* * * LOW HITPOINT WARNING * * *
The revenant hits you but does no damage.
The mummy priest utters an invocation to its god.
The orange demon stings you but does no damage.
An ancient lich comes into view.
Blink to where?
Press: ? - help, Dir - move target
As you read the scroll of blinking, it crumbles to dust.
The royal mummy gestures wildly while chanting.
Your daeva calls down the wrath of the Shining One upon the ancient lich.
The ancient lich is smitten.
The ancient lich casts a spell at you.
The bolt of acid hits you but does no damage.
You are splashed with acid!
* * * LOW HITPOINT WARNING * * *
The mummy priest calls down the wrath of its god upon you.
Something smites you!
You die...

########
#@..†./#
#..LAA.#
#WW4^§†#


#WMMM)L# #Z.†?V4# #4zMM4M# .MZMWMMM+ ..#.WMMWW# . #M.MM.W# You could see 4 royal
mummies, an ancient lich (fast), a revenant, 3 mummy priests, a flayed ghost
(summoned), a shadow wraith (summoned, invisible), an orange demon (summoned), 2
phantasmal warriors, 3 guardian mummies, an ice devil (summoned), a spectral
titan (summoned), 2 chaos spawn, a vampire (summoned), 3 wraiths, 3 mummies, a
wight (summoned), an ettin zombie (summoned) and 2 friendly daevas.

Vanquished Creatures
  the Royal Jelly (Slime:5)
  7 ancient liches
  Sojobo (Tomb:1)
  16 royal mummies
  Bai Suzhen (Snake:4)
  Frederick (Vaults:5)
  The ghost of Xihoome the Slayer, a veteran MiGl of Okawaru (Elf:1)
  Margery (Vaults:3)
  Vashnia (Snake:2)
  Xtahua (Vaults:5)
  21 bone dragons
  3 golden dragons (Vaults:5)
  Jory (Tomb:3)
  3 profane servitors
  An electric golem (WizLab)
  A hellephant (Abyss:1)
  3 tentacled monstrosities (Abyss:1)
  4 Hell Sentinels
  13 liches
  An Ice Fiend (IceCv)
  A quicksilver dragon (Vaults:5)
  7 deep elf blademasters
  23 acid blobs
  11 titans
  3 deep elf master archers
  11 sphinxes
  4 krakens
  66 tentacled starspawn
  Agnes (D:15)
  5 tengu reavers
  4 Executioners
  4 shadow dragons (Vaults:5)
  4 ancient champions
  7 revenants
  11 azure jellies
  14 fire giants
  2 daevas (Abyss:3)
  9 nagarajas
  Donald (Shoals:3)
  The ghost of Ettath the Severer, a journeyman HOFi of Okawaru (Shoals:1)
  4 storm dragons (Vaults:5)
  11 frost giants
  A draconian scorcher (Abyss:3)
  6 deep elf sorcerers
  An iron dragon (Vaults:5)
  A ghost moth (Abyss:3)
  2 orc warlords
  A balrug (Abyss:1)
  3 curse skulls
  14 vault wardens
  7 cacodemons
  7 deep elf elementalists
  4 ghouls (Crypt:2)
  9 war gargoyles
  12 ironheart preservers
  2 angels
  The ghost of Ytheofip the Cleaver, a journeyman FoFi of Okawaru (D:14)
  5 ophanim
  12 stone giants
  A reaper (Abyss:3)
  5 deep elf demonologists
  3 vampire knights
  32 very ugly things
  9 deep elf annihilators
  Nessos (D:15)
  3 black draconians
  8 bennus
  2 white draconians (Abyss:1)
  A red draconian (Abyss:1)
  8 lorocyprocas
  An entropy weaver (shapeshifter) (Elf:1)
  4 purple draconians
  A yellow draconian (Abyss:3)
  A minotaur (D:14)
  2 entropy weavers
  5 eidola
  An eleionoma (shapeshifter) (Elf:1)
  12 death oozes
  A quicksilver dragon zombie (Tomb:1)
  5 merfolk javelineers
  5 ettins
  131 large abominations
  7 blizzard demons
  5 crystal guardians
  A fire dragon (Shoals:1)
  2 merfolk impalers
  4 green deaths
  17 mummy priests
  4 deep elf high priests
  6 deep elf death magi
  18 great orbs of eyes
  15 yaktaur captains
  11 rakshasas
  Fannar (Lair:3)
  10 naga warriors
  2 quicksilver dragon skeletons
  9 boulder beetles
  3 catoblepae
  2 alligator snapping turtles (Shoals:4)
  34 vault guards
  5 ice dragons
  Erica (D:9)
  4 merfolk avatars
  9 death knights
  12 hydras
  10 anacondas
  9 centaur warriors
  17 ogre magi
  106 death scarabs
  2 satyrs
  2 merfolk aquamancers (Shoals:4)
  45 two-headed ogres
  2 orc high priests (Vaults:3)
  3 deep troll earth magi
  3 deep troll shamans
  35 dancing weapons
  7 vampire magi
  3 soul eaters
  The ghost of Qyetur the Slicer, a journeyman TeSk of the Shining One (D:10)
  10 death yaks
  A titan zombie (Crypt:3)
  22 naga sharpshooters
  55 thrashing horrors
  2 storm dragon zombies
  3 hell hogs (Abyss:3)
  21 hell knights
  8 shock serpents
  24 deep elf knights
  113 small abominations
  3 sun demons
  3 iron golems (WizLab)
  42 skeletal warriors
  43 wretched stars
  2 titan skeletons
  6 shadow wraiths
  Nergalle (Orc:2)
  20 sixfirhies
  9 unseen horrors
  21 spatial maelstroms
  7 sea snakes
  2 death drakes (Abyss:3)
  3 storm dragon skeletons
  A salamander mystic (Snake:4)
  A shadow demon (Abyss:3)
  12 deep trolls
  A sea snake (shapeshifter) (Elf:1)
  5 flayed ghosts
  5 wizards
  8 naga ritualists
  10 glowing orange brains
  A bog body (Crypt:2)
  An orange crystal statue (Tomb:1)
  A ghost moth zombie (Crypt:3)
  A golden dragon zombie (Crypt:3)
  A death drake (shapeshifter) (Vaults:5)
  3 unseen horrors (shapeshifter)
  A fire crab (shapeshifter) (Vaults:1)
  24 deep elf archers
  8 phantasmal warriors
  13 ironbrand convokers
  A shadow dragon zombie (Crypt:3)
  3 fire giant zombies
  17 harpies
  28 orc knights
  70 deep elf magi
  16 necromancers
  4 wolf spider zombies
  4 golden dragon skeletons
  An iron dragon zombie (Abyss:1)
  7 shining eyes
  A shining eye (shapeshifter) (Elf:1)
  48 ugly things
  2 oklob plants (Lair:6)
  9 orc sorcerers
  A mana viper (shapeshifter) (Vaults:1)
  16 mana vipers
  An iron dragon skeleton (Crypt:3)
  A manticore (shapeshifter) (Elf:1)
  An orb spider (shapeshifter) (Abyss:3)
  18 fauns
  5 wolf spiders
  A shadow dragon skeleton (Abyss:3)
  A will-o-the-wisp (Abyss:3)
  2 moths of wrath (Elf:1)
  9 cyclopes
  2 fire giant skeletons
  5 salamanders
  2 stone giant zombies (Crypt:3)
  18 worldbinders
  A stone giant skeleton (Abyss:1)
  A moth of wrath (shapeshifter) (Elf:3)
  2 frost giant skeletons (Tomb:2)
  7 guardian serpents
  22 manticores
  20 vault sentinels
  An ice statue (IceCv)
  3 merfolk sirens (Shoals:3)
  18 elephants
  10 orange demons
  35 black mambas
  A guardian serpent (shapeshifter) (Abyss:3)
  3 rust devils
  4 eyes of devastation
  45 smoke demons
  2 storm dragon simulacra (Abyss:3)
  An elf zombie (Vaults:5)
  11 apocalypse crabs
  6 water nymphs
  An eye of devastation (shapeshifter) (Elf:1)
  11 naga magi
  A torpor snail (Lair:6)
  9 gargoyles
  10 cane toads
  A death yak zombie (Crypt:1)
  A catoblepas zombie (Crypt:1)
  6 hellions
  5 rime drakes
  2 dire elephant skeletons
  13 efreet
  2 redback zombies
  24 yaktaurs
  44 ancient zymes
  3 anaconda simulacra
  12 komodo dragons
  2 yaktaurs (shapeshifter)
  10 ice devils
  2 tormentors (Abyss:1)
  25 freezing wraiths
  A kobold demonologist (Abyss:3)
  A minotaur skeleton (Tomb:2)
  2 red devils (Volcano)
  31 merfolk
  3 demonic crawlers
  2 golden dragon simulacra
  7 catoblepas skeletons (Abyss:3)
  A troll (shapeshifter) (Abyss:3)
  2 human skeletons
  7 hellwings
  2 silent spectres (Abyss:3)
  2 harpy zombies
  A meliai (shapeshifter) (Abyss:1)
  36 guardian mummies
  A wolf spider simulacrum (IceCv)
  6 trolls
  5 polar bears
  2 jumping spiders (shapeshifter)
  2 raiju (shapeshifter)
  11 wind drakes
  35 blink frogs
  A hydra zombie (Crypt:2)
  6 hornets
  76 slime creatures
  2 ettin zombies (Crypt:3)
  2 ice dragon zombies
  10 snapping turtles
  A fire giant simulacrum (Abyss:3)
  An iron dragon simulacrum (Abyss:1)
  A slime creature (shapeshifter) (Abyss:3)
  6 dream sheep (Shoals:3)
  A stone giant simulacrum (Vaults:1)
  A fire dragon zombie (Crypt:1)
  121 raiju
  2 frost giant simulacra
  A meliai zombie (Crypt:1)
  6 air elementals
  2 dire elephant simulacra (IceCv)
  198 starcursed masses
  2 ettin skeletons
  67 flying skulls
  An elf simulacrum (Vaults:5)
  3 human simulacra
  15 water elementals
  8 ushabtiu
  2 shadows
  44 yaks
  6 vampires
  2 ice dragon skeletons
  An alligator skeleton (Abyss:3)
  11 wraiths
  2 redbacks (Vaults:4)
  6 wyverns
  28 ynoxinuls
  9 fire elementals
  20 fire bats
  Eustachio (D:4)
  13 golden eyes
  7 basilisks
  A human (shapeshifter) (Vaults:2)
  32 neqoxecs
  24 chaos spawn
  A death yak simulacrum (IceCv)
  6 vampire mosquitoes (D:15)
  43 nagas
  4 harpy simulacra (IceCv)
  21 spatial vortices
  A swamp worm (shapeshifter) (Abyss:3)
  10 wargs
  4 acid dragons
  An iron troll simulacrum (IceCv)
  8 hydra simulacra
  16 hell hounds
  17 water moccasins
  A faun skeleton (Crypt:1)
  A snapping turtle zombie (Abyss:2)
  3 black bears
  An alligator simulacrum (IceCv)
  46 orc warriors
  The ghost of IHuginn the Chopper, an amateur HOMo (D:6)
  5 ice beasts
  A sky beast (shapeshifter) (Abyss:3)
  A swamp dragon zombie (Abyss:1)
  4 phantoms
  6 sky beasts
  8 eyes of draining
  A boggart (shapeshifter) (Elf:1)
  A manticore zombie (Abyss:3)
  4 boggarts
  5 necrophages
  3 ettin simulacra
  26 ogres
  A snapping turtle skeleton (Abyss:1)
  18 centaurs
  A lindwurm skeleton (Crypt:1)
  21 wolves
  14 big kobolds
  A bullfrog (shapeshifter) (Elf:1)
  A fire crab zombie (Crypt:2)
  21 bullfrogs
  18 earth elementals
  2 wyvern zombies
  A gnoll sergeant (D:7)
  7 scorpions
  A spriggan zombie (Crypt:1)
  18 killer bees
  19 wights
  5 electric eels
  2 howler monkeys
  A troll skeleton (Abyss:3)
  6 lava snakes (Volcano)
  3 centaur zombies
  2 crimson imps
  2 bullfrog zombies (D:13)
  4 hounds
  16 quasits
  A draconian simulacrum (IceCv)
  5 jellies
  18 orc priests
  2 bullfrog skeletons (D:10)
  14 iron imps
  38 orc wizards
  7 centaur skeletons
  6 iguanas
  10 worker ants
  3 spriggan simulacra (IceCv)
  4 troll simulacra (IceCv)
  A tengu zombie (Crypt:2)
  A centaur simulacrum (IceCv)
  An acid dragon zombie (Crypt:2)
  A hound skeleton (D:8)
  30 mummies
  A worker ant zombie (Crypt:2)
  11 adders
  4 gnolls (D:7)
  A howler monkey skeleton (D:10)
  3 naga simulacra (IceCv)
  A hound simulacrum (D:10)
  4 ogre simulacra (IceCv)
  8 shadow imps
  30 white imps
  A worker ant simulacrum (D:10)
  24 ufetubi
  3 oozes
  2 adder skeletons
  An adder zombie (D:8)
  A worm (D:3)
  4 dart slugs
  A leopard gecko (D:9)
  121 orcs
  6 bats
  7 giant cockroaches
  6 hobgoblins
  9 jackals
  6 quokkas
  A ball python (D:1)
  4 frilled lizards
  11 goblins
  A jackal zombie (D:5)
  18 kobolds
  A kobold skeleton (Crypt:1)
  9 rats
  A rat skeleton (Crypt:2)
  A rat zombie (Crypt:2)
  A bush (Shoals:1)
  4 crawling corpses
  6 lurking horrors
  60 starspawn tentacles
  3 tentacles
4088 creatures vanquished.

Vanquished Creatures (collateral kills)
  4 ancient champions
  A revenant (Tomb:2)
  2 bennus
  A death ooze (Slime:5)
  2 mummy priests (Tomb:2)
  16 death scarabs (Tomb:3)
  A titan skeleton (Tomb:2)
  2 guardian mummies (Tomb:2)
  An ushabti (Tomb:2)
  A mummy (Tomb:2)
31 creatures vanquished.

Vanquished Creatures (others)
  A fire giant (Abyss:3)
  A mummy priest (Tomb:1)
  2 yaktaur captains (Vaults:5)
  A merfolk avatar (Shoals:4)
  A death scarab (Tomb:2)
  A wretched star (Abyss:3)
  An unseen horror (D:13)
  An orc knight (Vaults:1)
  A deep elf mage (Elf:2)
  A torpor snail (shapeshifter) (Abyss:3)
  A gargoyle (WizLab)
  An ancient zyme (Abyss:3)
  3 raiju (Abyss:3)
  2 large abominations
  A flying skull (Abyss:1)
  A vampire (D:15)
  2 golden eyes (Abyss:3)
  A neqoxec (Abyss:2)
  A soldier ant (shapeshifter) (Abyss:1)
  An eye of draining (Abyss:3)
  2 centaurs (Vaults:2)
  6 small abominations (Abyss:3)
  An orc wizard (Orc:2)
  An iron imp (Abyss:3)
  2 mummies (Tomb:2)
  An orc (Vaults:3)
  A crawling corpse (Vaults:5)
  6 foxfires (Abyss:3)
  31 fungi
  8 lurking horrors
  86 plants
  165 starspawn tentacles
  19 tentacles
354 creatures vanquished.

Grand Total: 4473 creatures vanquished

Notes
Turn   | Place    | Note
-------+----------+-------------------------------------------
     0 | D:1      | Arum the Gargoyle Fighter began the quest for the Orb.
     0 | D:1      | Reached XP level 1. HP: 14/14 MP: 1/1
    79 | D:1      | Reached XP level 2. HP: 19/19 MP: 2/2
   587 | D:1      | Reached XP level 3. HP: 21/24 MP: 3/3
  1227 | D:2      | Reached skill level 4 in Fighting
  1251 | D:2      | Found a bloodstained altar of Trog.
  1596 | D:2      | Reached XP level 4. HP: 28/29 MP: 4/4
  2385 | D:4      | Found a staircase to the Ecumenical Temple.
  2387 | D:4      | Noticed Eustachio
  2390 | Temple   | Entered the Ecumenical Temple
  2485 | Temple   | Became a worshipper of Warmaster Okawaru
  2543 | D:4      | Killed Eustachio
  2543 | D:4      | Reached * piety under Okawaru
  2544 | D:4      | Reached XP level 5. HP: 6/34 MP: 5/5
  2544 | D:4      | Reached XP level 6. HP: 8/40 MP: 6/6
  2932 | D:4      | Reached skill level 5 in Fighting
  2932 | D:4      | Reached skill level 5 in Shields
  3537 | D:4      | Found Yqorumeu's Antique Weapon Shop.
  3544 | D:4      | Bought a glowing whip for 110 gold pieces
  3910 | D:5      | Entered Level 5 of the Dungeon
  3948 | D:5      | Noticed an ice beast
  3954 | D:5      | Killed an ice beast
  3955 | D:5      | Reached XP level 7. HP: 45/45 MP: 7/7
  4381 | D:5      | Found a blossoming altar of Fedhas.
  4449 | D:5      | Reached skill level 6 in Fighting
  4449 | D:5      | Reached skill level 5 in Maces & Flails
  4559 | D:5      | Found a large runed translucent door.
  4559 | D:5      | Found a large runed translucent door.
  4560 | D:5      | Noticed Crl's ghost (amateur DESu)
  4579 | D:5      | Found a white marble altar of Elyvilon.
  4598 | D:5      | Reached ** piety under Okawaru
  5124 | D:6      | Reached XP level 8. HP: 52/52 MP: 8/8
  5173 | D:6      | Found a white marble altar of Elyvilon.
  5233 | D:6      | Found a glowing silver altar of Zin.
  5348 | D:6      | Found Xeny's Book Emporium.
  5837 | D:6      | Found a runed translucent gate.
  5837 | D:6      | Found a runed translucent gate.
  5837 | D:6      | Noticed IHuginn's ghost (amateur HOMo)
  5838 | D:6      | Found a runed translucent gate.
  5838 | D:6      | Identified the +7 dagger of the Ninety-Nine Allies {chaos,
                  | *Noise rElec Str+4}
  5908 | D:6      | Reached skill level 7 in Fighting
  5937 | D:6      | Reached *** piety under Okawaru
  5964 | D:6      | Killed IHuginn's ghost
  5965 | D:6      | Reached XP level 9. HP: 25/59 MP: 7/9
  5973 | D:6      | Reached skill level 8 in Fighting
  7222 | D:7      | Reached **** piety under Okawaru
  7304 | D:8      | Found a white marble altar of Elyvilon.
  7441 | D:8      | Killed an unseen horror
  7442 | D:8      | Reached skill level 9 in Fighting
  7568 | D:8      | Reached XP level 10. HP: 64/66 MP: 10/10
  7592 | D:8      | Noticed a two-headed ogre
  7594 | D:8      | Found a staircase to the Lair.
  7594 | D:8      | Noticed an elephant
  7605 | D:8      | Killed a two-headed ogre
  7605 | D:8      | Reached ***** piety under Okawaru
  7605 | D:8      | Received a gift from Okawaru
  7630 | D:8      | Killed an elephant
  7630 | D:8      | Received a gift from Okawaru
  7631 | D:8      | Reached skill level 10 in Fighting
  7637 | D:8      | Got a masterwork eveningstar {god gift}
  7638 | D:8      | Identified the +5 eveningstar "Stringbean" {freeze, Stlth+}
                  | (Okawaru gifted it to you on level 8 of the Dungeon)
  7824 | D:8      | Reached skill level 10 in Shields
  8435 | D:8      | Found an ancient bone altar of Kikubaaqudgha.
  8718 | D:9      | Reached skill level 11 in Fighting
  8784 | D:9      | Reached skill level 10 in Maces & Flails
  8786 | D:9      | Found a staircase to the Orcish Mines.
  8824 | D:9      | HP: 1/69 [orc priest/divine providence (15)]
  8825 | D:9      | Reached XP level 11. HP: 1/74 MP: 11/11
  9238 | D:9      | Found a sparkling altar of Nemelex Xobeh.
  9368 | D:9      | Found a sacrificial altar of Ru.
  9516 | D:9      | Noticed a cyclops
  9526 | D:9      | Killed a cyclops
  9648 | D:9      | Found a glowing golden altar of the Shining One.
  9674 | D:9      | Noticed Erica
  9683 | D:9      | Killed Erica
  9752 | D:10     | Entered Level 10 of the Dungeon
  9777 | D:10     | Reached skill level 12 in Fighting
  9854 | D:10     | Received a gift from Okawaru
 10008 | D:10     | Found a runed translucent gate.
 10008 | D:10     | Found a runed translucent gate.
 10008 | D:10     | Found a runed translucent gate.
 10065 | D:10     | Noticed Qyetur's ghost (journeyman TeSk)
 10523 | D:10     | Killed Qyetur's ghost
 10585 | D:10     | Identified a scroll of acquirement
 10585 | D:10     | Acquired the amulet "Neesh" {*Contam +Inv rPois rN++
                  | Regen+}
 11148 | D:12     | Noticed a deep elf annihilator
 11148 | D:12     | Noticed a stone giant
 11148 | D:12     | Noticed a green ugly thing
 11151 | D:12     | Noticed a yaktaur captain
 11157 | D:12     | Killed a green ugly thing
 11158 | D:12     | Noticed a centaur warrior
 11172 | D:12     | Killed a stone giant
 11173 | D:12     | Reached skill level 5 in Armour
 11173 | D:12     | Reached XP level 12. HP: 10/82 MP: 12/12
 11179 | D:12     | Killed a yaktaur captain
 11184 | D:12     | Killed a deep elf annihilator
 11185 | D:12     | Reached skill level 13 in Fighting
 11186 | D:12     | Killed a centaur warrior
 11498 | D:12     | Reached ****** piety under Okawaru
 11620 | D:12     | Received a gift from Okawaru
 11627 | D:12     | Got a fine long sword {god gift}
 11628 | D:12     | Identified the +9 long sword of Linearity {vorpal, rC+
                  | Stlth+} (Okawaru gifted it to you on level 12 of the
                  | Dungeon)
 11938 | D:13     | Noticed a boulder beetle
 11957 | D:13     | Killed a boulder beetle
 11957 | D:13     | Received a gift from Okawaru
 12001 | D:13     | Found a gate to the Vaults.
 12001 | D:13     | Noticed a vault guard
 12001 | D:13     | Noticed a centaur warrior
 12001 | D:13     | Noticed a vault guard
 12001 | D:13     | Noticed a vault guard
 12001 | D:13     | Noticed a vault guard
 12001 | D:13     | Noticed a four-headed hydra
 12024 | D:13     | Killed a four-headed hydra
 12026 | D:13     | Killed a centaur warrior
 12027 | D:13     | Reached XP level 13. HP: 58/89 MP: 10/13
 12040 | D:13     | Killed a vault guard
 12047 | D:13     | Killed a vault guard
 12048 | D:13     | Reached skill level 14 in Fighting
 12060 | D:13     | Killed a vault guard
 12072 | D:13     | Killed a vault guard
 12073 | D:13     | Reached skill level 10 in Armour
 12180 | D:13     | Received a gift from Okawaru
 12346 | D:13     | Found a flagged portal.
 12358 | Bailey   | Entered a bailey
 12502 | Bailey   | Gained mutation: Your large and strong wings let you fly
                  | indefinitely. [Gargoyle growth]
 12502 | Bailey   | Reached XP level 14. HP: 96/96 MP: 14/14
 13530 | D:14     | Noticed Ytheofip's ghost (journeyman FoFi)
 13541 | D:14     | Found a runed translucent gate.
 13541 | D:14     | Found a runed translucent gate.
 13541 | D:14     | Found a runed translucent gate.
 13541 | D:14     | Identified the cursed ring "Laideron" {+Fly rElec Will+
                  | Str-4 Slay-6}
 13630 | D:14     | Killed Ytheofip's ghost
 13643 | D:14     | Reached skill level 15 in Fighting
 13763 | D:14     | Reached XP level 15. HP: 86/103 MP: 15/15
 14179 | D:15     | Entered Level 15 of the Dungeon
 14180 | D:15     | Noticed Agnes
 14207 | D:15     | Killed Agnes
 14207 | D:15     | Received a gift from Okawaru
 14315 | D:15     | Noticed a fire giant
 14329 | D:15     | Killed a fire giant
 14445 | D:15     | Found a staircase to the Depths.
 14482 | D:15     | Noticed Nessos
 14502 | D:15     | Killed Nessos
 14819 | D:15     | Reached skill level 16 in Fighting
 15239 | Orc:1    | Entered Level 1 of the Orcish Mines
 15251 | Orc:1    | Found a dark tunnel.
 15261 | Volcano  | Entered a volcano
 15363 | Volcano  | Reached skill level 15 in Armour
 15391 | Volcano  | Received a gift from Okawaru
 15433 | Volcano  | Found a radiant altar of Vehumet.
 15456 | Volcano  | Found a radiant altar of Vehumet.
 15985 | Orc:2    | Entered Level 2 of the Orcish Mines
 15990 | Orc:2    | Found a staircase to the Elven Halls.
 16038 | Orc:2    | Reached skill level 15 in Maces & Flails
 16117 | Orc:2    | Found Otrin's Magic Scroll Emporium.
 16125 | Orc:2    | Bought a scroll of identify for 26 gold pieces
 16175 | Orc:2    | Noticed an orc warlord
 16213 | Orc:2    | Killed an orc warlord
 16214 | Orc:2    | Reached XP level 16. HP: 101/111 MP: 13/16
 16625 | Orc:2    | Found a radiant altar of Vehumet.
 16638 | Orc:2    | Found Revum's Distillery.
 16665 | Orc:2    | Noticed Nergalle
 16677 | Orc:2    | Killed Nergalle
 16689 | Orc:2    | Found an ancient bone altar of Kikubaaqudgha.
 16694 | Orc:2    | Bought a potion of heal wounds for 65 gold pieces
 16694 | Orc:2    | Bought a potion of curing for 39 gold pieces
 16694 | Orc:2    | Bought a potion of mutation for 104 gold pieces
 16754 | Orc:2    | Found a roughly hewn altar of Beogh.
 16755 | Orc:2    | Found Maahiub's Gadget Emporium.
 16782 | Orc:2    | Found Teaniw's Antique Armour Emporium.
 17001 | Lair:1   | Entered Level 1 of the Lair of Beasts
 18114 | Lair:2   | Found a staircase to the Snake Pit.
 18118 | Lair:2   | Reached skill level 17 in Fighting
 18682 | Snake:1  | Entered Level 1 of the Snake Pit
 18767 | Lair:3   | You are sucked into a shaft and drop 2 floors!
 19036 | Lair:5   | Received a gift from Okawaru
 19783 | Lair:4   | Found a staircase to the Shoals.
 20680 | Lair:3   | Noticed Fannar
 20692 | Lair:3   | Killed Fannar
 21067 | Lair:6   | Entered Level 6 of the Lair of Beasts
 21076 | Lair:6   | Received a gift from Okawaru
 21159 | Lair:6   | Received a gift from Okawaru
 21266 | Lair:6   | Reached skill level 18 in Fighting
 21381 | Lair:6   | Reached XP level 17. HP: 114/119 MP: 15/17
 21929 | Lair:6   | Found a staircase to the Slime Pits.
 22392 | Snake:1  | Received a gift from Okawaru
 22574 | Snake:1  | Found Foonn's Jewellery Emporium.
 22575 | Snake:1  | Found Leedora's Armour Shoppe.
 22575 | Snake:1  | Found Titiha's Distillery.
 22578 | Snake:1  | Found Kalasm's Book Shoppe.
 22890 | Snake:2  | Found a runed translucent door.
 23090 | Snake:2  | Received a gift from Okawaru
 23523 | Snake:2  | Noticed Vashnia
 23570 | Snake:2  | Killed Vashnia
 23571 | Snake:2  | Reached skill level 19 in Fighting
 23866 | Snake:2  | Identified the +2 robe "Baiti" {+Fly Dex+4}
 23906 | Snake:2  | Reached skill level 15 in Shields
 23910 | Snake:2  | Received a gift from Okawaru
 23911 | Snake:2  | Reached XP level 18. HP: 127/128 MP: 18/18
 23960 | Snake:2  | Identified the Handbook of Snow and Poison
 24633 | Snake:4  | Entered Level 4 of the Snake Pit
 24633 | Snake:4  | Found a shimmering blue altar of Sif Muna.
 24852 | Snake:4  | Received a gift from Okawaru
 24993 | Snake:4  | Noticed Bai Suzhen
 25009 | Snake:4  | Killed Bai Suzhen
 25255 | Snake:4  | Received a gift from Okawaru
 25441 | Snake:4  | Received a gift from Okawaru
 25484 | Snake:4  | Identified the +7 crystal plate armour of the Fife {rC+}
                  | (Okawaru gifted it to you on level 4 of the Snake Pit)
 25594 | Snake:4  | Got a serpentine rune of Zot
 25727 | Snake:4  | Reached skill level 20 in Fighting
 26113 | Shoals:1 | Entered Level 1 of the Shoals
 26204 | Shoals:1 | Reached skill level 1 in Invocations
 26224 | Shoals:1 | Identified the cursed +2 animal skin of Restlessness {Harm
                  | rF- Will+++ Regen+} (You found it on level 1 of the Shoals)
 26468 | Shoals:1 | Reached XP level 19. HP: 125/135 MP: 20/20
 26484 | Shoals:1 | Found Ibbahav's Weapon Shop.
 26513 | Shoals:1 | Found a large runed translucent door.
 26648 | Shoals:1 | Found a large runed translucent door.
 26784 | Shoals:1 | Noticed Ettath's ghost (journeyman HOFi)
 26957 | Shoals:1 | Killed Ettath's ghost
 27145 | Shoals:2 | Found a frozen archway.
 27168 | IceCv    | Entered an ice cave
 27814 | IceCv    | Noticed an Ice Fiend
 27848 | IceCv    | Killed an Ice Fiend
 27849 | IceCv    | Reached skill level 5 in Invocations
 28015 | IceCv    | Identified the ring "Owugh" {Ice Str+7} (You found it in an
                  | ice cave)
 28236 | Shoals:2 | You are sucked into a shaft and drop 1 floor!
 28257 | Shoals:3 | Found a runed translucent gate.
 28257 | Shoals:3 | Found a runed translucent gate.
 28261 | Shoals:3 | Found a runed translucent gate.
 28264 | Shoals:3 | Noticed Karim's ghost (adept GnGl)
 29090 | Shoals:3 | Found Wach's Antique Armour Emporium.
 29242 | Shoals:3 | Identified the cursed +1 leather armour of Fiss {rElec rN+
                  | Int+6} (You found it on level 3 of the Shoals)
 29297 | Shoals:3 | Noticed Donald
 29320 | Shoals:3 | Killed Donald
 29357 | Shoals:3 | Received a gift from Okawaru
 29376 | Shoals:3 | Identified the +1 morningstar of Zeh Not {vorpal, +Blink}
                  | (Okawaru gifted it to you on level 3 of the Shoals)
 29400 | Shoals:3 | Found Seghykiq's Weapon Emporium.
 29568 | Shoals:3 | Found Jyrphetacs's General Store.
 29621 | Shoals:3 | Bought a scroll of remove curse for 51 gold pieces
 29621 | Shoals:3 | Bought a scroll of identify for 34 gold pieces
 29966 | Shoals:4 | Entered Level 4 of the Shoals
 29978 | Shoals:4 | Reached skill level 21 in Fighting
 30261 | Shoals:4 | Acquired a +2 vampiric demon whip
 30376 | Shoals:4 | Found Hedan's Distillery.
 30384 | Shoals:4 | Bought a potion of curing for 33 gold pieces
 30384 | Shoals:4 | Bought a potion of curing for 33 gold pieces
 30384 | Shoals:4 | Bought a potion of berserk rage for 55 gold pieces
 30384 | Shoals:4 | Bought a potion of curing for 33 gold pieces
 30384 | Shoals:4 | Bought a potion of mutation for 88 gold pieces
 30384 | Shoals:4 | Bought a potion of haste for 110 gold pieces
 30384 | Shoals:4 | Bought a potion of magic for 88 gold pieces
 30429 | Shoals:4 | Found Ziffax's Armour Emporium.
 30435 | Shoals:4 | Found Naas's Magic Scroll Boutique.
 30438 | Shoals:4 | Bought a +2 pair of gloves of archery for 258 gold pieces
 30457 | Shoals:4 | Bought a scroll of acquirement for 572 gold pieces
 30462 | Shoals:4 | Acquired 1101 gold pieces
 30470 | Shoals:4 | Bought 2 scrolls of remove curse for 66 gold pieces
 30470 | Shoals:4 | Bought a scroll of identify for 22 gold pieces
 30470 | Shoals:4 | Bought a scroll of identify for 22 gold pieces
 30470 | Shoals:4 | Bought a scroll of identify for 22 gold pieces
 30470 | Shoals:4 | Bought a scroll of identify for 22 gold pieces
 30470 | Shoals:4 | Bought a scroll of magic mapping for 38 gold pieces
 30470 | Shoals:4 | Bought a scroll of identify for 22 gold pieces
 30518 | Shoals:4 | Found Wiuned's Assorted Antiques.
 30665 | Shoals:4 | Got a barnacled rune of Zot
 30741 | Shoals:4 | Found Pehixkia's Gadget Shoppe.
 30749 | Shoals:4 | Bought a condenser vane for 760 gold pieces
 30786 | Shoals:4 | Reached XP level 20. HP: 128/144 MP: 25/25
 31211 | Shoals:4 | Received a gift from Okawaru
 31682 | Vaults:1 | Entered Level 1 of the Vaults
 31813 | Vaults:1 | Reached skill level 22 in Fighting
 31813 | Vaults:1 | Reached skill level 1 in Dodging
 32260 | Vaults:1 | Reached skill level 1 in Throwing
 32333 | Vaults:1 | Received a gift from Okawaru
 32406 | Vaults:1 | Identified the +5 triple crossbow of Arbitration {penet,
                  | rN+ Will+} (Okawaru gifted it to you on level 1 of the
                  | Vaults)
 33099 | Vaults:1 | Received a gift from Okawaru
 33104 | Vaults:1 | Identified the +2 scale mail of Terror {rPois rN+ Str-3
                  | Dex+5} (Okawaru gifted it to you on level 1 of the Vaults)
 33428 | Vaults:2 | Reached skill level 5 in Dodging
 33603 | Vaults:2 | Found Fiymeg's Antique Weapon Boutique.
 33725 | Vaults:2 | Reached skill level 5 in Throwing
 33932 | Vaults:2 | Found a large runed translucent door.
 33932 | Vaults:2 | Found a large runed translucent door.
 33932 | Vaults:2 | Noticed royokou's ghost (veteran MiFi)
 33932 | Vaults:2 | Noticed Lukheov's ghost (veteran DrWn)
 33986 | Vaults:2 | Reached XP level 21. HP: 152/152 MP: 26/26
 34280 | Vaults:2 | Received a gift from Okawaru
 34492 | Vaults:2 | Reached skill level 23 in Fighting
 34760 | Vaults:2 | Reached skill level 1 in Evocations
 35081 | Vaults:3 | Received a gift from Okawaru
 35183 | Vaults:3 | Found Niodemn's Jewellery Shoppe.
 35416 | Vaults:3 | Noticed Margery
 35440 | Vaults:3 | Killed Margery
 35785 | Vaults:3 | Received a gift from Okawaru
 36080 | Vaults:3 | Received a gift from Okawaru
 36081 | Vaults:3 | Reached XP level 22. HP: 158/160 MP: 27/27
 36104 | Vaults:3 | Reached skill level 5 in Evocations
 36463 | Vaults:3 | Found a staircase to the Crypt.
 36797 | Vaults:4 | Received a gift from Okawaru
 36867 | Vaults:4 | Received a gift from Okawaru
 36915 | Vaults:4 | Identified the +4 flail "Unoirph" {venom, rF++ Str-5}
                  | (Okawaru gifted it to you on level 4 of the Vaults)
 37583 | Vaults:4 | Identified the +8 chain mail of a Labyrinth {*Slow +Blink
                  | rN+ Dex+3} (You found it on level 4 of the Vaults)
 37869 | Vaults:3 | Bought the ring of the Morning {rElec rF- Will+ Dex+7} for
                  | 934 gold pieces
 38085 | Elf:1    | Entered Level 1 of the Elven Halls
 38229 | Elf:1    | Found a magical portal.
 38234 | WizLab   | Entered Doroklohe's Tomb
 38254 | WizLab   | Reached skill level 24 in Fighting
 38624 | WizLab   | Received a gift from Okawaru
 38632 | WizLab   | Identified the +1 flail "Xocin" {freeze, rC+ Int-4 Dex+7
                  | SInv} (Okawaru gifted it to you in a wizard's laboratory)
 38704 | WizLab   | Identified the ring "Cooryr" {rElec rF- MP+9 Int+4 Dex+2}
                  | (You found it in a wizard's laboratory)
 38854 | Elf:1    | Reached skill level 10 in Dodging
 38870 | Elf:1    | Identified the Almanac of Arcane Weapons
 39053 | Elf:1    | Found a transporter.
 39067 | Elf:1    | Noticed Xihoome's ghost (veteran MiGl)
 39111 | Elf:1    | Found a transporter.
 39586 | Elf:1    | Noticed a golden dragon
 39586 | Elf:1    | an acid blob changed into a golden dragon
 39587 | Elf:1    | a golden dragon changed into a shadow dragon
 39630 | Elf:1    | Killed Xihoome's ghost
 39673 | Elf:1    | Identified the ring of Orefir {*Contam +Blink rElec rC+
                  | AC+4} (You found it on level 1 of the Elven Halls)
 39685 | Elf:1    | Identified the +1 pair of gloves of the Hidden Vale {rF-
                  | Str+5} (You found it on level 1 of the Elven Halls)
 39805 | Elf:2    | Found a portal to a secret trove of treasure.
 39947 | Elf:2    | Received a gift from Okawaru
 39964 | Elf:2    | Identified the +10 mace "Qirrixza" {protect, rElec rN+
                  | Str+4} (Okawaru gifted it to you on level 2 of the Elven
                  | Halls)
 39992 | Elf:2    | Reached XP level 23. HP: 156/168 MP: 28/28
 40116 | Elf:2    | Found a large runed translucent door.
 40116 | Elf:2    | Found a large runed translucent door.
 40139 | Elf:2    | Found a large runed translucent door.
 40139 | Elf:2    | Found a large runed translucent door.
 41496 | Elf:3    | Entered Level 3 of the Elven Halls
 41757 | Elf:3    | Found Wyann's General Store.
 41787 | Elf:3    | Bought a scroll of identify for 28 gold pieces
 41787 | Elf:3    | Bought a scroll of teleportation for 42 gold pieces
 41815 | Elf:3    | Found Citwui's Distillery.
 41820 | Elf:3    | Found Woalay's Armour Boutique.
 41823 | Elf:3    | Bought a potion of invisibility for 152 gold pieces
 41827 | Elf:3    | Bought the cursed +0 pair of boots of Solad {rElec rC++
                  | Will+ Slay-5} for 299 gold pieces
 41967 | Elf:3    | Received a gift from Okawaru
 41995 | Elf:3    | Reached skill level 10 in Evocations
 42221 | Elf:3    | Identified the amulet "Wiapuadi" {Spirit rN+ Will+}
 42311 | Elf:3    | Gained mutation: You do not regenerate when monsters are
                  | visible. [mutagenic glow]
 42597 | Elf:3    | Found the +10 morningstar "Eos" {elec, Halo rElec}
 42603 | Elf:3    | Identified the ring "Errit" {Fire Dex+4} (You found it on
                  | level 3 of the Elven Halls)
 42605 | Elf:3    | Identified the Compendium of Transmutation
 42615 | Elf:3    | Identified the Collected Works on Transmutation and Attacks
 43245 | Vaults:5 | Entered Level 5 of the Vaults
 43256 | Vaults:5 | Reached skill level 25 in Fighting
 43273 | Vaults:5 | Noticed a golden dragon
 43276 | Vaults:5 | Reached XP level 24. HP: 130/176 MP: 13/28
 43471 | Vaults:5 | Noticed Frederick
 43554 | Vaults:5 | Noticed an ancient lich
 43564 | Vaults:5 | Received a gift from Okawaru
 43576 | Vaults:5 | Killed Frederick
 43579 | Vaults:5 | Killed an ancient lich
 43978 | Vaults:5 | Identified the ring of the Salmon {*Corrode rElec rF++
                  | Str+2 Dex+6} (You found it on level 5 of the Vaults)
 44085 | Vaults:5 | Noticed Xtahua
 44096 | Vaults:5 | Killed Xtahua
 44390 | Vaults:5 | Received a gift from Okawaru
 44450 | Vaults:5 | Identified the +5 bardiche "Ceceyn" {venom, rC+ Int+4} (You
                  | found it on level 5 of the Vaults)
 45002 | Vaults:5 | Found the +2 hood of the Assassin {Detection Stab+ Stlth++}
 45009 | Vaults:5 | Identified the ring "Trusted Companion" {rElec Stlth-} (You
                  | found it on level 5 of the Vaults)
 45215 | Vaults:5 | Reached XP level 25. HP: 124/183 MP: 21/28
 45370 | Vaults:5 | Got a silver rune of Zot
 45571 | Crypt:1  | Entered Level 1 of the Crypt
 47868 | Crypt:3  | Entered Level 3 of the Crypt
 47963 | Crypt:3  | Received a gift from Okawaru
 47964 | Crypt:3  | Found the +13 scythe of Curses {drain, *Curse}
 48214 | Crypt:3  | Reached skill level 26 in Fighting
 48963 | Crypt:3  | Found a staircase to the Tomb.
 49328 | Crypt:3  | Received a gift from Okawaru
 49331 | Crypt:3  | Identified the +4 flail of Okawaru's Reproof {antimagic,
                  | rElec Int+7 Dex-4 SInv} (Okawaru gifted it to you on level
                  | 3 of the Crypt)
 49366 | Crypt:3  | Found a basalt altar of Yredelemnul.
 49367 | Crypt:3  | Noticed an ancient lich
 49381 | Crypt:3  | Killed an ancient lich
 49652 | Crypt:3  | Identified the ring of Yredelemnul's Scorn {+Inv rN+
                  | Will++} (You found it on level 3 of the Crypt)
 49653 | Crypt:3  | Identified the ring of Oluosaepp {rN+ Str+3} (You found it
                  | on level 3 of the Crypt)
 49654 | Crypt:3  | Identified the ring of Keukk {rN+ SInv} (You found it on
                  | level 3 of the Crypt)
 50617 | Snake:1  | Bought an uncursed ring of resist corrosion for 360 gold
                  | pieces
 50860 | Slime:1  | Entered Level 1 of the Pits of Slime
 50942 | Slime:1  | Gained mutation: You are occasionally teleported next to
                  | monsters. [a shining eye]
 51321 | Slime:1  | Lost mutation: You do not regenerate when monsters are
                  | visible. [potion of mutation]
 51321 | Slime:1  | Lost mutation: You are occasionally teleported next to
                  | monsters. [potion of mutation]
 51321 | Slime:1  | Gained mutation: Your mind is acute. (Int +2) [potion of
                  | mutation]
 51321 | Slime:1  | Gained mutation: Scrolls take you a little longer to read.
                  | [potion of mutation]
 51321 | Slime:1  | Gained mutation: You are partially covered in yellow
                  | scales. (AC +2) [potion of mutation]
 51632 | Slime:2  | Gained mutation: You are frail. (-10% HP) [a shining eye]
 51634 | Slime:2  | Gained mutation: Your magical capacity is low. (-10% MP) [a
                  | shining eye]
 51635 | Slime:2  | Gained mutation: You tend to lose your temper in combat. [a
                  | shining eye]
 51638 | Slime:2  | Gained mutation: Scrolls take you longer to read. [a
                  | shining eye]
 51641 | Slime:2  | Gained mutation: Your body sometimes deteriorates upon
                  | taking damage. [a shining eye]
 51807 | Slime:2  | Received a gift from Okawaru
 51812 | Slime:2  | Identified the +3 trident "Suyluosoim" {antimagic, rC+
                  | Will+} (Okawaru gifted it to you on level 2 of the Pits of
                  | Slime)
 52296 | Slime:3  | Reached XP level 26. HP: 171/171 MP: 25/25
 52665 | Slime:3  | Found a corrupted altar of Lugonu.
 52666 | Slime:3  | Found a one-way gate to the infinite horrors of the Abyss.
 52726 | Slime:3  | Lost mutation: Your body sometimes deteriorates upon taking
                  | damage. [a shining eye]
 53908 | Slime:5  | Entered Level 5 of the Pits of Slime
 53952 | Slime:5  | Received a gift from Okawaru
 53977 | Slime:5  | Noticed the Royal Jelly
 53997 | Slime:5  | Killed the Royal Jelly
 53997 | Slime:5  | Received a gift from Okawaru
 54158 | Slime:5  | Got a slimy rune of Zot
 54162 | Slime:5  | Identified the amulet "Huewex" {Spirit rC+++ Int+6 Dex-4}
                  | (You found it on level 5 of the Pits of Slime)
 54202 | Slime:5  | Identified the ring "Leasuj" {*Drain +Inv rPois rC- EV+4}
                  | (You found it on level 5 of the Pits of Slime)
 54235 | Slime:5  | Identified the +1 mace of Maycle {freeze, rN+ Int+7} (You
                  | found it on level 5 of the Pits of Slime)
 54257 | Slime:5  | Identified the +9 flail "Abuamyta" {protect, Int+7 Dex-3}
                  | (You found it on level 5 of the Pits of Slime)
 55204 | Slime:3  | Voluntarily entered the Abyss.
 55724 | Abyss:1  | Received a gift from Okawaru
 55793 | Abyss:1  | Found a corrupted altar of Lugonu.
 55930 | Abyss:1  | Found a corrupted altar of Lugonu.
 55979 | Abyss:1  | Received a gift from Okawaru
 56166 | Abyss:3  | Received a gift from Okawaru
 56171 | Abyss:3  | Identified the +0 pair of gloves of Tulips {rN+} (Okawaru
                  | gifted it to you on level 3 of the Abyss)
 56651 | Abyss:3  | Reached skill level 27 in Fighting
 56821 | Abyss:3  | Gained mutation: You are occasionally teleported next to
                  | monsters. [a neqoxec]
 56853 | Abyss:3  | Reached XP level 27. HP: 160/179 MP: 25/25
 56989 | Abyss:3  | Found a corrupted altar of Lugonu.
 57327 | Abyss:3  | Noticed an ancient lich
 57342 | Abyss:3  | Killed an ancient lich
 57573 | Slime:3  | Escaped the Abyss
 58007 | D:6      | Fell from the grace of Okawaru
 58007 | D:6      | Became a worshipper of Zin the Law-Giver
 58007 | D:6      | Reached * piety under Zin
 58007 | D:6      | Reached ** piety under Zin
 58729 | Slime:3  | Voluntarily entered the Abyss.
 58812 | Abyss:1  | Reached skill level 1 in Long Blades
 58935 | Abyss:1  | Noticed an ancient lich
 58945 | Abyss:1  | Killed an ancient lich
 58945 | Abyss:1  | Reached *** piety under Zin
 59058 | Abyss:1  | Reached skill level 15 in Evocations
 59361 | Abyss:2  | Found a corrupted altar of Lugonu.
 59798 | Abyss:2  | Reached skill level 5 in Long Blades
 60389 | Abyss:2  | Reached **** piety under Zin
 60779 | Abyss:2  | Found a corrupted altar of Lugonu.
 61007 | Abyss:2  | Paralysed by accursed screaming for 1 turns
 61619 | Abyss:3  | Noticed an ancient lich
 61625 | Abyss:3  | Killed an ancient lich
 61647 | Slime:3  | Escaped the Abyss
 61804 | Slime:3  | Voluntarily entered the Abyss.
 62048 | Abyss:1  | Reached ***** piety under Zin
 62087 | Abyss:1  | Reached skill level 10 in Long Blades
 62270 | Abyss:1  | Paralysed by you for 5 turns
 62281 | Abyss:1  | Paralysed by you for 5 turns
 62617 | Slime:3  | Escaped the Abyss
 63022 | Slime:3  | Voluntarily entered the Abyss.
 63024 | Abyss:1  | Found a corrupted altar of Lugonu.
 63338 | Abyss:1  | Paralysed by accursed screaming for 1 turns
 63350 | Abyss:1  | Found a corrupted altar of Lugonu.
 63647 | Abyss:1  | Identified the +9 war axe "Spiderslayer" {protect, rElec
                  | SInv} (You found it on level 1 of the Abyss)
 63798 | Abyss:1  | Paralysed by you for 6 turns
 63983 | Abyss:1  | Reached ****** piety under Zin
 64210 | Abyss:1  | Lost mutation: Your magical capacity is low. (-10% MP)
                  | [potion of mutation]
 64210 | Abyss:1  | Lost mutation: You tend to lose your temper in combat.
                  | [potion of mutation]
 64210 | Abyss:1  | Lost mutation: You are partially covered in yellow scales.
                  | (AC +2) [potion of mutation]
 64210 | Abyss:1  | Lost mutation: Scrolls take you longer to read. [potion of
                  | mutation]
 64211 | Abyss:1  | Lost mutation: Scrolls take you a little longer to read.
                  | [potion of mutation]
 64211 | Abyss:1  | Lost mutation: You are frail. (-10% HP) [potion of
                  | mutation]
 64211 | Abyss:1  | Lost mutation: Your mind is acute. (Int +2) [potion of
                  | mutation]
 64211 | Abyss:1  | Lost mutation: You are occasionally teleported next to
                  | monsters. [potion of mutation]
 64526 | Abyss:3  | Identified the Almanac of Stolen Souls
 64532 | Abyss:3  | Identified the Collected Works on Weightlessness
 64551 | Abyss:3  | Identified the Guide on Transformation
 64554 | Abyss:3  | Identified the Guide on Changing
 64562 | Abyss:3  | Identified the Tome of Snow
 64576 | Abyss:3  | Identified Mefov's Volume of Battle Magic
 64578 | Abyss:3  | Identified Sif Muna's Disquisition on Creation
 64586 | Abyss:3  | Identified the Tome of Conjuration
 64590 | Abyss:3  | Identified the Collected Works on Lightness
 64599 | Abyss:3  | Identified the Tome of the Blaze
 64601 | Abyss:3  | Identified the Compendium of Transmutation
 65203 | Abyss:3  | Paralysed by accursed screaming for 1 turns
 65323 | Abyss:3  | Was forgiven by Okawaru
 65442 | Abyss:3  | Reached skill level 15 in Long Blades
 65513 | Slime:3  | Escaped the Abyss
 65710 | Slime:3  | Voluntarily entered the Abyss.
 66582 | Abyss:3  | Paralysed by accursed screaming for 1 turns
 66589 | Abyss:3  | Paralysed by accursed screaming for 1 turns
 66682 | Abyss:3  | Paralysed by accursed screaming for 1 turns
 67259 | Abyss:3  | Found a shadowy altar of Dithmenos.
 67294 | Abyss:3  | Found a corrupted altar of Lugonu.
 67513 | Abyss:3  | Reached skill level 10 in Invocations
 67522 | Abyss:3  | Paralysed by a floating eye for 2 turns
 68128 | Abyss:3  | Paralysed by accursed screaming for 1 turns
 68136 | Abyss:3  | Paralysed by accursed screaming for 2 turns
 68152 | Abyss:3  | Paralysed by accursed screaming for 1 turns
 68156 | Slime:3  | Escaped the Abyss
 68465 | Slime:3  | Voluntarily entered the Abyss.
 68506 | Abyss:1  | Paralysed by accursed screaming for 1 turns
 69045 | Abyss:1  | Paralysed by accursed screaming for 1 turns
 69269 | Abyss:1  | Found a corrupted altar of Lugonu.
 69403 | Abyss:2  | Found a corrupted altar of Lugonu.
 69429 | Abyss:2  | Found a corrupted altar of Lugonu.
 69441 | Abyss:2  | Found a corrupted altar of Lugonu.
 69620 | Abyss:2  | Found a corrupted altar of Lugonu.
 69744 | Abyss:2  | Found a corrupted altar of Lugonu.
 69891 | Abyss:2  | Identified the ring "Laakhliu" {+Fly rF+++ Str-3 Dex-3
                  | SInv} (You found it on level 2 of the Abyss)
 70221 | Abyss:3  | Found a corrupted altar of Lugonu.
 70824 | Abyss:3  | Paralysed by accursed screaming for 1 turns
 70886 | Slime:3  | Escaped the Abyss
 71088 | Slime:3  | Voluntarily entered the Abyss.
 71573 | Abyss:1  | Reached skill level 15 in Invocations
 71737 | Abyss:1  | Found a hazy altar of Hepliaklqana.
 71951 | Abyss:1  | Reached skill level 15 in Dodging
 72746 | Abyss:3  | Found a corrupted altar of Lugonu.
 73683 | Abyss:3  | Noticed an ancient lich
 73698 | Abyss:3  | Killed an ancient lich
 75265 | Abyss:3  | Got an abyssal rune of Zot
 75644 | Abyss:3  | Noticed an ancient lich
 75660 | Abyss:3  | Killed an ancient lich
 75801 | Abyss:3  | Found a corrupted altar of Lugonu.
 75915 | Slime:3  | Escaped the Abyss
 76301 | D:9      | Fell from the grace of Zin
 76301 | D:9      | Became a worshipper of the Shining One
 76301 | D:9      | Reached * piety under the Shining One
 76301 | D:9      | Reached ** piety under the Shining One
 76301 | D:9      | Reached *** piety under the Shining One
 76645 | Tomb:1   | Entered Level 1 of the Tomb of the Ancients
 76645 | Tomb:1   | Reached **** piety under the Shining One
 76781 | Tomb:1   | Reached ***** piety under the Shining One
 77033 | Tomb:1   | Noticed Sojobo
 77034 | Tomb:1   | Noticed a royal mummy
 77044 | Tomb:1   | Killed a royal mummy
 77052 | Tomb:1   | Killed Sojobo
 77506 | Tomb:1   | Noticed a royal mummy
 77509 | Tomb:1   | Reached ****** piety under the Shining One
 77515 | Tomb:1   | Noticed a royal mummy
 77522 | Tomb:1   | Killed a royal mummy
 77533 | Tomb:1   | Killed a royal mummy
 78328 | Tomb:2   | Noticed a royal mummy
 78330 | Tomb:2   | Noticed a royal mummy
 78334 | Tomb:2   | Noticed a royal mummy
 78334 | Tomb:2   | Noticed a royal mummy
 78345 | Tomb:2   | Identified a +9 sacred scourge of holy wrath (a +9 vorpal
                  | demon whip blessed by the Shining One)
 78345 | Tomb:2   | Received a gift from the Shining One
 78350 | Tomb:2   | Killed a royal mummy
 78356 | Tomb:2   | Killed a royal mummy
 78363 | Tomb:2   | Killed a royal mummy
 78366 | Tomb:2   | Killed a royal mummy
 78765 | Tomb:1   | Noticed a royal mummy
 78769 | Tomb:1   | Noticed a royal mummy
 78780 | Tomb:1   | Killed a royal mummy
 78786 | Tomb:1   | Killed a royal mummy
 78787 | Tomb:1   | Noticed a royal mummy
 78792 | Tomb:1   | Noticed a royal mummy
 78797 | Tomb:1   | Killed a royal mummy
 78803 | Tomb:1   | Killed a royal mummy
 78875 | Tomb:1   | Noticed a royal mummy
 78882 | Tomb:1   | Killed a royal mummy
 79098 | Tomb:1   | Noticed a royal mummy
 79112 | Tomb:1   | Killed a royal mummy
 79309 | Tomb:1   | Noticed a royal mummy
 79309 | Tomb:1   | Noticed a royal mummy
 79317 | Tomb:1   | Killed a royal mummy
 79319 | Tomb:1   | Noticed a royal mummy
 79325 | Tomb:1   | Killed a royal mummy
 79330 | Tomb:1   | Killed a royal mummy
 79884 | Tomb:3   | Entered Level 3 of the Tomb of the Ancients
 79897 | Tomb:3   | Noticed Jory
 79902 | Tomb:3   | Noticed a royal mummy
 79903 | Tomb:3   | Noticed a royal mummy
 79906 | Tomb:3   | Noticed an ancient lich
 79909 | Tomb:3   | Killed Jory
 79909 | Tomb:3   | Noticed a royal mummy
 79910 | Tomb:3   | Noticed a royal mummy
 79913 | Tomb:3   | Noticed an ancient lich
 79913 | Tomb:3   | Killed from afar by a mummy priest

Illustrated notes

Levels and vault maps discovered:
D:1:      dpeg_arrival_pits, layout_basic, minmay_worlds_worst_comb
D:2:      minmay_chambers_of_ones, layout_loops_ring, lightli_temple_of_fire
D:3:      layout_rooms, serial_park_tiny_2, hex_medium, minmay_misc_feat_tower
D:4:      layout_basic, minmay_temple_entry_ruins, serial_shops, shop_fountains,
          uniq_eustachio
D:5:      layout_basic, nicolae_overflow_hidden_temple,
          ebering_ghost_disaster_area, elyvilon_altar_3
D:6:      layout_basic, zin_treasury, serial_shops, nicolae_shop_crystal,
          gammafunk_ghost_nasty_kobolds, lemuel_tele_altar
D:7:      layout_loops_corners
D:8:      layout_gridville, lemuel_crystal_altar, kiku_gazebo_pond_becter,
          david_lair_generic
D:9:      layout_irregular_city, tso_oasis_becter, overflow_temple_1_default,
          old_standard_altar, erik_orc_4, uniq_erica
D:10:     layout_basic, gammafunk_ghost_icy
D:11:     layout_roguey
D:12:     minmay_glassy_protrusions, layout_basic
D:13:     layout_loops_ring, lightli_vaults_fourway_checkpoint, enter_bailey_3
D:14:     layout_rooms, kennysheep_boxes, maelrawn_ghost_gauntlet_escape
D:15:     grunt_enter_depths_giant_problem, layout_loops_ring,
          hangedman_decor_growths, uniq_agnes, uniq_nessos
Temple:   zaba_magenta_temple
Lair:1:   layout_cave_pods, serial_bayou_shore_a, grunt_megastairs_2
Lair:2:   layout_cave_pods, minmay_snake_entry_six_corridors, minivault_24
Lair:3:   layout_big_grid, serial_bayou_lagoon_a,
          chequers_serial_rivers_small_b, hibernation_bobbens,
          grunt_megastairs_4, uniq_fannar
Lair:4:   layout_regular_city, elwin_shoals_entry_rocks,
          grunt_forest_small_clearings, chequers_serial_rivers_room_b,
          grunt_megastairs_1
Lair:5:   layout_roguey
Lair:6:   gammafunk_lair_ancient_temple, layout_loops_ring,
          minmay_slime_entry_oklob_enclosed, fungi_pond_lemuel
Shoals:1: argonaut_golden_fleece, layout_shoals, serial_shops, shop,
          ebering_ghost_disaster_area
Shoals:2: layout_shoals, portal_ice_cave_entry_pillars_four,
          nicolae_shoals_arrival_archipelago
Shoals:3: cheibrodos_shoals_roost, layout_shoals, serial_shops, shop, shop,
          nicolae_shop_window_shopping, gammafunk_ghost_tricky_traps,
          uniq_donald
Shoals:4: shoals_end_hangedman, layout_shoals, serial_shops, shop, shop, shop,
          shop_statue, shop_fountains
Snake:1:  layout_rooms, minmay_shoptagon
Snake:2:  layout_rooms, lightli_airlock, lemuel_fruit_tree, uniq_vashnia
Snake:3:  layout_onion_interference
Snake:4:  johnstein_snake_rune_scales, layout_cave_town, basic_altar,
          serial_bayou_shore_b, uniq_bai_suzhen
Slime:1:  layout_caves
Slime:2:  layout_caves
Slime:3:  layout_caves, amcnicky_altar_lugonu_corruption
Slime:4:  layout_caves
Slime:5
Orc:1:    layout_caves, nicolae_volcano_entry_hallway
Orc:2:    kennysheep_orc_mage_school, layout_diamond_mine
Elf:1:    layout_gridlike, gammafunk_ghost_berserking_beasts,
          infiniplex_enter_wizlab_spiral, minmay_elf_annihilation, hex_large
Elf:2:    layout_gridlike, enter_trove_0
Elf:3:    minmay_elf_hall_statues, layout_onion_city, serial_shops,
          nicolae_shop_temple_entry_statues_fountains, minmay_shop_star
Vaults:1: vaults_dpeg_cross, ontoclasm_vaults_misaligned,
          vaults_mumra_minichess_inversion, v_misc_1, v_misc_27, st_octagons_1,
          nicolae_vaults_bisected_exclaves, ontoclasm_vaults_chip,
          nicolae_vaults_border_crossing, nicolae_vaults_rhombus_6,
          layout_vaults_omnibox
Vaults:2: advil_vaults_ghost_guards, hangedman_vaults_river_flow,
          vaults_mumra_hexcomb, ontoclasm_vaults_twist, ontoclasm_vaults_bender,
          v_misc_25, nicolae_vaults_ninety_degrees, vaults_standard_mumra_lines,
          hangedman_vaults_locks, v_alt_pattern_2, nicolae_vaults_specimen_jars,
          nicolae_vaults_shelves_hall, grunt_vaults_hallway_short,
          layout_vaults_maze, serial_shops, shop_statue
Vaults:3: v_misc_28, ontoclasm_vaults_fault, minmay_crypt_entry_simple_round,
          nicolae_vaults_network_star, hangedman_vaults_impose,
          hangedman_vaults_corner_blocks, v_misc_31, v_misc_13,
          vaults_standard_mumra_enter_the_diamond, vaults_room_corners,
          special_room_vaults [special_room_orc], layout_vaults_chaotic_city,
          serial_shops, nicolae_shop_crystal, uniq_margery
Vaults:4: ontoclasm_vaults_gateway, v_alt_pattern_3, v_misc_15, v_misc_3,
          v_pattern_3, hangedman_vaults_capsules, v_misc_22,
          dpeg_vaults_monster_box, vaults_dpeg_ring, nicolae_vaults_network_s,
          vaults_dpeg_doors, nicolae_vaults_little_squares_5,
          vaults_dpeg_encased_lava, layout_vaults_ring
Vaults:5: uniq_xtahua, uniq_frederick
Crypt:1:  layout_catacombs
Crypt:2:  layout_regular_city, lemuel_elevator
Crypt:3:  cryptofortress_bobbens
Tomb:1:   uniq_sojobo
Tomb:2
Tomb:3:   uniq_jory

Skill      XL: |  1  2  3  4  5  6  7  8  9 10 11 12 13 14 15 16 17 18 19 20 21 22 23 24 25 26 27 |
---------------+----------------------------------------------------------------------------------+-----
Fighting       | 4 5 6 7 9 11 12 13 14 15 16 18 19 20 21 22 23 24 25 26 27 | 27.0
Shields        | 4 5 6 7 9 10 11 15 17 18 19 21 | 21.7
Maces & Flails | 3 4 5 6 8 10 11 12 13 15 16 17 19 20 | 20.2
Armour         | 5 9 12 13 15 16 17 18 21 | 21.7
Invocations    | 2 7 24 | 24.5
Dodging        | 5 8 10 11 15 | 15.0
Throwing       | 5 7 |  7.0
Evocations     | 4 8 10 12 13 14 15 | 15.0
Long Blades    | 16 | 16.2

Action                   |  1- 3 |  4- 6 |  7- 9 | 10-12 | 13-15 | 16-18 | 19-21 | 22-24 | 25-27 || total
-------------------------+-------+-------+-------+-------+-------+-------+-------+-------+-------++-------
Melee: Flail             |   118 |   109 |   165 |    18 |     3 |       |       |       |       ||   413
       Whip              |       |       |   154 |       |       |       |       |       |       ||   154
       Eveningstar       |       |       |       |   470 |   691 |   815 |       |       |       ||  1976
       Demon whip        |       |       |       |       |       |   711 |  2469 |  1648 |  2148 ||  6976
       Eudemon blade     |       |       |       |       |       |       |       |       |  5248 ||  5248
       Sacred scourge    |       |       |       |       |       |       |       |       |   223 ||   223
Throw: Javelin           |       |       |       |       |       |     6 |       |       |     6 ||    12
Invok: Heroism           |       |       |     2 |     4 |    17 |     6 |     2 |     5 |     5 ||    41
       Finesse           |       |       |       |     1 |       |     2 |     2 |     4 |     2 ||    11
       Cleansing Flame   |       |       |       |       |       |       |       |       |    29 ||    29
       Summon Divine War |       |       |       |       |       |       |       |       |     7 ||     7
       Vitalisation      |       |       |       |       |       |       |       |       |     1 ||     1
       Brand Weapon With |       |       |       |       |       |       |       |       |     1 ||     1
 Abil: Fly               |       |       |       |       |     1 |       |       |       |       ||     1
Evoke: Wand              |       |       |     2 |       |     9 |     1 |     1 |    18 |    22 ||    53
       Condenser vane    |       |       |       |       |       |       |       |     3 |     1 ||     4
       Tin of tremorston |       |       |       |       |       |       |       |     1 |     1 ||     2
       Phantom mirror    |       |       |       |       |       |       |       |       |     1 ||     1
  Use: Scroll            |       |     4 |     1 |    14 |    15 |     8 |    21 |    19 |    30 ||   112
       Potion            |       |       |     1 |     4 |     5 |     1 |       |     3 |    15 ||    29
 Stab: Paralysed         |       |       |       |       |     2 |       |       |       |       ||     2
       Distracted        |       |       |       |       |       |       |       |       |     4 ||     4
       Invisible         |       |       |       |       |       |       |       |       |     1 ||     1
       Petrified         |       |       |       |       |       |       |       |       |     1 ||     1
Armor: Scale mail        |    74 |    79 |   132 |   214 |   302 |       |       |       |       ||   801
       Skin              |       |       |       |     2 |       |       |       |       |       ||     2
       Plate armour      |       |       |       |       |    27 |   770 |       |       |       ||   797
       Crystal plate arm |       |       |       |       |       |    47 |  1212 |   714 |  2913 ||  4886
Dodge: Dodged            |    38 |    40 |    59 |   125 |   240 |   350 |   395 |   391 |  1300 ||  2938
Block: Kite shield       |    59 |    73 |   132 |   270 |   425 |  1008 |  1457 |   968 |  1151 ||  5543
       Tower shield      |       |       |       |       |       |       |       |       |  4509 ||  4509
       Rpst.: Eudemon blade |       |       |       |       |       |       |       |       |   153 ||   153
